 Dungeon Crawl Stone Soup version 0.26-a0-540-g8a0c9464d7 (webtiles) character file.

Game seed: 6749994072995173655

273 HoaS the Shield-Bearer (level 6, -3/47 HPs)
             Began as a Formicid Fighter on Aug 25, 2020.
             Slain by a wight
             ... wielding a +3 great sword
              (7 damage)
             ... on level 2 of the Dungeon.
             The game lasted 00:04:29 (2154 turns).

HoaS the Shield-Bearer (Formicid Fighter)           Turns: 2154, Time: 00:04:30

Health: -3/47      AC: 10    Str: 22    XL:     6   Next: 48%
Magic:  6/6        EV:  6    Int:  8    God:
Gold:   98         SH: 10    Dex: 10    Spells: 5/5 levels left

rFire    . . .     SeeInvis +   a - +0 quarterstaff
rCold    . . .     Faith    .   c - +0 kite shield
rNeg     . . .     Spirit   .   f - +0 chain mail
rPois    .         Reflect  .   (helmet unavailable)
rElec    .         Harm     .   (no cloak)
rCorr    .                      g - +0 pair of gloves
MR       .....                  (no boots)
Stlth    ..........             (no amulet)
HPRegen  0.15/turn              (no ring)
MPRegen  0.10/turn              (no ring)

@: mighty, drained
A: permanent stasis, dig shafts and tunnels, four strong arms, antennae 3
a: Dig, Shaft Self


You were on level 2 of the Dungeon.
You visited 1 branch of the dungeon, and saw 3 of its levels.

You collected 98 gold pieces.

Inventory:

Hand Weapons
 a - a +0 quarterstaff (weapon)
Armour
 c - a +0 kite shield (worn)
 f - a +0 chain mail (worn)
 g - a +0 pair of gloves (worn)
Jewellery
 h - an uncursed amulet of guardian spirit {unknown}
Scrolls
 b - a scroll of enchant armour {unknown}
 e - 3 scrolls of identify
 i - 2 scrolls of remove curse
Potions
 j - a potion of cancellation
 k - a potion of lignification {unknown}


   Skills:
 - Level 3.2(2.5) Fighting
 * Level 5.3(4.5) Staves
 - Level 3.2(2.5) Armour
 + Level 5.5(4.7) Shields


You had 5 spell levels left.
You didn't know any spells.
Your spell library was empty.

Dungeon Overview and Level Annotations

Branches:
Dungeon (3/15)

Altars:
Dithmenos


Innate Abilities, Weirdness & Mutations

You cannot be hasted, slowed, berserked, paralysed or teleported.
You can dig through walls and to a lower floor.
Your four strong arms can wield two-handed weapons with a shield.
You have a pair of large antennae on your head. (SInv)


Message History

Natasha mumbles some strange words.
You block the wight's attack.
You hit Natasha but do no damage.
Natasha is almost dead.
Natasha claws you. Natasha casts a spell at you. The magic dart hits you.
* * * LOW HITPOINT WARNING * * *
You sock Natasha!
You kill Natasha!
You feel Natasha's spirit has finally been put to rest.
The iron imp disappears in a puff of smoke!
The wight hits you with a +3 great sword.
* * * LOW HITPOINT WARNING * * *
You feel drained.
* * * LOW HITPOINT WARNING * * *
You block the wight's attack.
You feel very mighty all of a sudden.
The wight hits you with a +3 great sword!
You die...

#.# #.........####.........###..
..# #...#####.####.........# #..
#.# #...#.....#..(((.......# #).
#.# #.#####.###.........######.[
#.####.##....###.................
#.#......................#.......
....#..#..##.###........##.####..
#####..#..##.###........##.# #..
.......#......[z@....#####.# #..
.#.............>###..# #.# #..
(##..................#####.# #..
...........................# #..
................###..####### #..
.....#..........# #..# ########..
#..<............###..# #.........
.....................##########..
.................................


You could see a wight.

Vanquished Creatures
  2 wights
  Natasha (thrice) (D:2)
  Robin (D:2)
  A gnoll (D:1)
  3 adders
  An adder zombie (D:1)
  A worm (D:2)
  2 dart slugs
  5 orcs (D:2)
  A ball python (D:2)
  A giant cockroach (D:3)
  10 goblins
  5 hobgoblins
  2 jackals (D:2)
  A quokka (D:2)
  9 bats
  2 frilled lizards
  A giant cockroach zombie (D:1)
  3 kobolds
  6 rats
60 creatures vanquished.

Notes
Turn   | Place    | Note
-------+----------+-------------------------------------------
     0 | D:1      | HoaS the Formicid Fighter began the quest for the Orb.
     0 | D:1      | Reached XP level 1. HP: 18/18 MP: 1/1
    58 | D:1      | Reached XP level 2. HP: 23/24 MP: 2/2
   222 | D:1      | Reached XP level 3. HP: 29/29 MP: 3/3
   822 | D:2      | Noticed Natasha
   833 | D:2      | Killed Natasha
   833 | D:2      | Reached XP level 4. HP: 12/35 MP: 4/4
  1221 | D:2      | Reached XP level 5. HP: 41/41 MP: 5/5
  1363 | D:2      | Noticed Natasha
  1373 | D:2      | Killed Natasha
  1557 | D:2      | Found a shadowy altar of Dithmenos.
  1755 | D:2      | Noticed Robin
  1834 | D:2      | Killed Robin
  1834 | D:2      | Reached skill level 5 in Shields
  2045 | D:2      | Reached XP level 6. HP: 41/47 MP: 6/6
  2102 | D:3      | Reached skill level 5 in Staves
  2142 | D:2      | Noticed Natasha
  2152 | D:2      | Killed Natasha
  2154 | D:2      | Slain by a wight

Illustrated notes

Levels and vault maps discovered:
D:1:      saegor_arrival_fortress, layout_basic, chequers_serial_rivers_large_a
D:2:      minmay_door_path, layout_basic, marbit_many_paths, uniq_natasha,
          uniq_robin
D:3:      layout_basic, serial_forest, infiniplex_forest_straight_4,
          infiniplex_forest_clump_long, infiniplex_forest_straight_4,
          infiniplex_forest_clump_medium, infiniplex_forest_clump_long

Skill      XL: |  1  2  3  4  5  6 |
---------------+-------------------+-----
Shields        | 4 5 |  5.5
Staves         | 3 4 5 |  5.3
Fighting       | |  3.2
Armour         | |  3.2

Action                   |  1- 3 |  4- 6 || total
-------------------------+-------+-------++-------
Melee: Quarterstaff      |    54 |   112 ||   166
  Use: Scroll            |       |     4 ||     4
       Potion            |       |     1 ||     1
Armor: Scale mail        |    24 |    11 ||    35
       Chain mail        |       |    46 ||    46
Dodge: Dodged            |     9 |    30 ||    39
Block: Kite shield       |    24 |    67 ||    91

Table legend: (Time is in decaauts)
 A = Elapsed time spent in this place.
 B = Non-inter-level travel time spent in this place.
 C = Inter-level travel time spent in this place.
 D = Time resting spent in this place.
 E = Time spent auto-exploring this place.
 F = Levels seen in this place.
 G = Mean time per level.
                   A        B        C        D        E       F      G
               +--------+--------+--------+--------+--------+-----+--------+
         Total |   2194 |   2123 |     71 |    357 |   1269 |   3 |  731.3 |
       Dungeon |   2194 |   2123 |     71 |    357 |   1269 |   3 |  731.3 |
               +--------+--------+--------+--------+--------+-----+--------+

Top non-repeatable levels by time:
     D:2: 1352 daAuts
     D:1: 760 daAuts
     D:3: 82 daAuts
